 Dungeon Crawl Stone Soup version 0.29-a0-317-gd16b76e6b1 (webtiles) character file.

Game seed: 17605803940351796151

949 Dabor the Insei (level 7, -2/56 HPs)
             Began as a Demonspawn Transmuter on Mar 30, 2022.
             Was a Believer of Ashenzari.
             Slain by an ogre
             ... wielding a +0 giant club
              (16 damage)
             ... while paralysed by Grinder
             ... on level 4 of the Dungeon on Mar 31, 2022.
             The game lasted 00:13:17 (6390 turns).

Dabor the Insei (Demonspawn Transmuter)             Turns: 6390, Time: 00:13:18

Health: -2/56      AC:  9    Str: 18    XL:     7   Next: 89%
Magic:  11/14      EV:  2    Int: 15    God:    Ashenzari [**....]
Gold:   189        SH:  0    Dex: 13    Spells: 10/16 levels left

rFire   . . .      SeeInvis +     - Unarmed
rCold   . . .      Faith    .   (no shield)
rNeg    . . .      Spirit   .   a - +0 robe "At What Cost Knowledge?" {Evo, Alch} (curse)
rPois   +          Reflect  .   (helmet currently unavailable)
rElec   .          Harm     .   t - +0 cloak
rCorr   .          Rampage  .   (no gloves)
Will    .....                   (boots currently unavailable)
Stlth   ++........              k - amulet "I Foresaw This" {Acrobat, Fort, Cun} (curse)
HPRegen 0.18/turn               j - ring "Ufi Gipan" {rPois SInv Stlth+}
MPRegen 0.14/turn               h - ring of the Ruined Portent {Str+6, Comp, Self} (curse)

@: paralysed, appendages, wereblooded, sanguine armoured
A: talons 2, horns 1, sanguine armour 1, demonic magic 1
a: End Transformation, Renounce Religion, Curse Item, Shatter the Chains


You were on level 4 of the Dungeon.
You worshipped Ashenzari.
Ashenzari was pleased with you.
You had temporarily grown beastly talons.
You visited 1 branch of the dungeon, and saw 4 of its levels.
You also visited: Sewer.

You collected 189 gold pieces.

Inventory:

Missiles
 d - 2 javelins
 e - 38 poisoned darts
 p - 2 boomerangs
 s - 2 atropa-tipped darts
 v - 2 curare-tipped darts
Armour
 a - the cursed +0 robe "At What Cost Knowledge?" (worn) {Evo, Alch}

   It has a curse which improves the following skills: Evocations: Evocations.
   Alchemy:   Poison Magic and Transmutations.
 t - a +0 cloak (worn)
Jewellery
 h - the cursed ring of the Ruined Portent (right hand) {Str+6, Comp, Self}
   (You found it on level 4 of the Dungeon)

   [ring of strength]

   Str:       It affects your strength (+6).
   It has a curse which improves the following skills: Companions: Summonings
   and Necromancy.
   Introspection: Fighting and Spellcasting.
 j - the ring "Ufi Gipan" (left hand) {rPois SInv Stlth+}
   (You found it on level 2 of the Dungeon)

   [ring of poison resistance]

   rPois:     It protects you from poison.
   SInv:      It lets you see invisible.
   Stlth:     It makes you more stealthy.
 k - the cursed amulet "I Foresaw This" (around neck) {Acrobat, Fort, Cun}
   (You found it on level 2 of the Dungeon)

   [amulet of the acrobat]

   It increases your evasion while moving and waiting.
   It has a curse which improves the following skills: Fortitude: Armour and
   Shields.
   Cunning:   Dodging and Stealth.
 m - a ring of magical power
Scrolls
 c - a scroll of enchant armour
 g - 2 scrolls of fear
 i - 2 scrolls of teleportation
 l - a scroll of amnesia
 n - a scroll of blinking
 o - a scroll of fog
 r - 2 scrolls of brand weapon
Potions
 b - a potion of brilliance
 f - 3 potions of lignification
 q - 2 potions of magic


   Skills:
 + Level 3.8(5.0) Fighting
 - Level 1.0 Throwing
 + Level 3.8(5.0) Dodging
 + Level 4.4 Unarmed Combat
 + Level 3.9(5.1) Spellcasting
 + Level 3.9(5.1) Transmutations
 - Level 2.0(3.0) Poison Magic


You had 10 spell levels left.
You knew the following spells:

 Your Spells              Type           Power      Damage    Failure   Level
a - Beastly Appendage     Tmut           38%        N/A       1%          1
b - Wereblood             Tmut           19%        N/A       3%          2
c - Spider Form           Tmut/Pois      16%        N/A       9%          3

Your spell library contained the following spells:

 Spells                   Type           Power      Damage    Failure   Level
 Ice Form                 Ice/Tmut       11%        N/A       50%         4
 Petrify                  Tmut/Erth      11%        N/A       50%         4
 Metabolic Englaciation   Hex/Ice        1%         N/A       99%         5
 Statue Form              Tmut/Erth      7%         N/A       100%        6


Dungeon Overview and Level Annotations

Branches:
Dungeon (4/15)              Sewer (visited)
 Temple: D:4-7

Altars:
Ashenzari
Okawaru
Ru
Trog

Shops:
D:1 *=

Annotations:
D:4 Grinder


Innate Abilities, Weirdness & Mutations

You have temporarily grown beastly talons.
You have a pair of small horns on your head.
When seriously injured, your blood forms armour. (AC +6)
Spells you cast may paralyse adjacent enemies.


Message History

An orc comes into view. It is wielding a +0 flail.
You hit the jelly.
You feel a bit better.
You kill the jelly!
The orc completely misses you.
Things that are here:
a +0 trident; a +0 leather armour You closely miss the orc.
You punch the orc.
You feel a bit better.
You kill the orc!
You see here a +0 flail.
Your primal bloodlust is almost over.
Your primal bloodlust has ended.
Your transformation is almost over.
Your talons disappear.
Your blood armour dries and flakes away.
Found a stone staircase leading up.
An ogre comes into view. It is wielding a +0 giant club.
An ogre is nearby!
An ogre is nearby!
An ogre is nearby!
The ogre shouts!
You hear a shout!
Grinder comes into view.
Casting: Wereblood (safe; 3% risk of failure)
Confirm with . or Enter, or press ? or * to list all spells.
Your feet morph into talons.
Malevolent energies surge around you.
Grinder blinks!
Casting: Beastly Appendage (safe; 1% risk of failure)
Confirm with . or Enter, or press ? or * to list all spells.
Your blood is infused with primal strength.
Malevolent energies surge around you.
You barely miss the ogre.
The ogre hits you with a +0 giant club!!
Your blood congeals into armour.
You hit the ogre.
The ogre is lightly wounded.
Grinder gestures at you.
You suddenly lose the ability to move!
The ogre hits you with a +0 giant club! Grinder hits you.
* * * LOW HITPOINT WARNING * * *
The ogre hits you with a +0 giant club!
You die...

........#............####)##
.##...#####...........####)##
[.##### ##............#...#
...# ##......<......### ...#
##...........### ##^#
##............# ####
##.......###..## ..#**
**#......5..#...#
###,****,,,#...O@.....##
**,,,,,,,,*###........#
*,,,,,,,,,* ##.......#*
,,,*****,,** ##.......#**
,,,* **,,* *#.....##..#* ,,,*
**,***#..$.###*#..#*** ,,,**
*,,,...<.## *##.*,* ,,,,***
*,,.###..# **,,* ,,,,,,**
*,.** #..# **,**


You could see Grinder and an ogre.

Vanquished Creatures
  Eustachio (D:4)
  Menkaure (D:4)
  5 kobold brigands (Sewer)
  A jelly (D:4)
  An orc priest (D:4)
  Natasha (thrice) (D:4)
  10 adders
  2 river rats (Sewer)
  4 worms
  3 dart slugs
  4 orcs
  6 bats (D:1)
  10 endoplasms
  4 giant cockroaches
  4 goblins
  5 hobgoblins
  8 jackals
  10 quokkas
  10 ball pythons
  4 frilled lizards
  13 kobolds
  11 rats
120 creatures vanquished.

Vanquished Creatures (others)
  A plant (D:1)
1 creature vanquished.

Grand Total: 121 creatures vanquished

Notes
Turn   | Place    | Note
-------+----------+-------------------------------------------
     0 | D:1      | Dabor the Demonspawn Transmuter began the quest for the
                  | Orb.
     0 | D:1      | Reached XP level 1. HP: 15/15 MP: 3/3
   388 | D:1      | Found a faded altar of an unknown god.
   436 | D:1      | Gained mutation: Spells you cast may paralyse adjacent
                  | enemies. [demonic ancestry]
   436 | D:1      | Reached XP level 2. HP: 17/21 MP: 3/5
   724 | D:1      | Prayed at the altar of an unknown god.
   724 | D:1      | Became a worshipper of Ashenzari the Shackled
   750 | D:1      | Found Raatear's Jewellery Boutique.
  1013 | D:1      | Learned a level 2 spell: Wereblood
  1027 | D:1      | Found Kiraih Ymua's Assorted Antiques.
  1443 | D:1      | Reached XP level 3. HP: 22/26 MP: 4/6
  1530 | D:2      | Identified the ring "Ufi Gipan" {rPois SInv Stlth+}
  1629 | D:2      | Reached * piety under Ashenzari
  1735 | D:2      | Reached skill level 3 in Unarmed Combat
  1999 | D:2      | Found an iron altar of Okawaru.
  2104 | D:2      | Gained mutation: You have a pair of small horns on your
                  | head. [demonic ancestry]
  2104 | D:2      | Reached XP level 4. HP: 33/33 MP: 6/7
  2124 | D:2      | Learned a level 3 spell: Spider Form
  2546 | D:3      | Reached skill level 1 in Throwing
  2790 | D:3      | Found a sacrificial altar of Ru.
  3074 | D:4      | Noticed Menkaure
  3368 | D:4      | Found a bloodstained altar of Trog.
  3458 | D:4      | Gained mutation: When seriously injured, your blood forms
                  | armour. (AC +6) [demonic ancestry]
  3458 | D:4      | Reached XP level 5. HP: 29/38 MP: 8/8
  3468 | D:4      | Reached skill level 1 in Poison Magic
  3486 | D:4      | Found a glowing drain.
  3513 | Sewer    | Entered a sewer
  3544 | Sewer    | Reached ** piety under Ashenzari
  3828 | Sewer    | Reached XP level 6. HP: 24/47 MP: 9/12
  4638 | Sewer    | Reached XP level 7. HP: 14/54 MP: 13/13
  5269 | D:4      | Noticed Natasha
  5280 | D:4      | Killed Natasha
  5451 | D:4      | Noticed Eustachio
  5467 | D:4      | Killed Eustachio
  5468 | D:4      | Reached skill level 4 in Unarmed Combat
  5556 | D:4      | Noticed Natasha
  5562 | D:4      | Killed Natasha
  5634 | D:4      | Noticed Natasha
  5646 | D:4      | Killed Natasha
  5682 | D:4      | Killed Menkaure
  6384 | D:4      | Noticed Grinder
  6388 | D:4      | Paralysed by Grinder for 5 turns
  6390 | D:4      | Slain by an ogre

Illustrated notes

Levels and vault maps discovered:
D:1:      elethiomel_arrival_maze, layout_basic, ebering_ecumenical_altar_webs,
          serial_shops, nicolae_lakefront_shop, shop, serial_bayou_pond_b
D:2:      layout_basic, basic_altar
D:3:      minmay_spotlight, layout_basic, marbit_many_paths
D:4:      layout_layer_cave, nicolae_overflow_crystal_walls,
          trog_butcher_becter, gup_sewer_entry_bubbles, uniq_grinder,
          uniq_natasha, uniq_menkaure, uniq_eustachio

Skill      XL: |  1  2  3  4  5  6  7 |
---------------+----------------------+-----
Transmutations | 2 3 |  3.9
Dodging        | 2 3 |  3.8
Unarmed Combat | 3 4 |  4.4
Throwing       | 1 |  1.0
Fighting       | 2 3 |  3.8
Poison Magic   | 1 2 |  2.0
Spellcasting   | 3 |  3.9

Action                   |  1- 3 |  4- 6 |  7- 9 || total
-------------------------+-------+-------+-------++-------
Melee: Unarmed           |   110 |   244 |   107 ||   461
       Kick              |    11 |    30 |    16 ||    57
       Headbutt          |    12 |    34 |    17 ||    63
       Punch             |     2 |     8 |     3 ||    13
Throw: Javelin           |     2 |     1 |       ||     3
       Boomerang         |       |     4 |       ||     4
       Dart              |       |       |     2 ||     2
 Cast: Beastly Appendage |    19 |    16 |     7 ||    42
       Wereblood         |     4 |    12 |     8 ||    24
Invok: Curse Item        |     2 |     1 |       ||     3
  Use: Potion            |     1 |     1 |     2 ||     4
       Scroll            |       |     1 |       ||     1
 Stab: Paralysed         |     3 |     5 |     2 ||    10
       Sleeping          |       |     4 |     2 ||     6
Armor: Robe              |    31 |    33 |    15 ||    79
       Skin              |     3 |       |       ||     3
Dodge: Dodged            |   103 |   130 |    68 ||   301

Table legend: (Time is in decaauts)
 A = Elapsed time spent in this place.
 B = Non-inter-level travel time spent in this place.
 C = Inter-level travel time spent in this place.
 D = Time resting spent in this place.
 E = Time spent auto-exploring this place.
 F = Levels seen in this place.
 G = Mean time per level.
                   A        B        C        D        E       F      G
               +--------+--------+--------+--------+--------+-----+--------+
         Total |   6554 |   6295 |    259 |   1206 |   3683 |   5 | 1310.8 |
       Dungeon |   4641 |   4382 |    259 |   1084 |   2343 |   4 | 1160.2 |
         Sewer |   1912 |   1912 |      0 |    122 |   1340 |   1 | 1912.0 |
               +--------+--------+--------+--------+--------+-----+--------+

Top non-repeatable levels by time:
   Sewer: 1912 daAuts
     D:1: 1525 daAuts
     D:4: 1314 daAuts
     D:3: 1045 daAuts
     D:2: 755 daAuts
